 Dungeon Crawl Stone Soup version 0.29.1-1-gd02db6906a (webtiles) character file.

Game seed: 15819199157129184913

1265 LustLizard the Slasher (level 8, 0/63 HPs)
             Began as a Demonspawn Fighter on Oct 5, 2022.
             Slain by a slime creature (4 damage)
             ... on level 7 of the Dungeon.
             The game lasted 00:09:04 (5543 turns).

LustLizard the Slasher (Demonspawn Fighter)         Turns: 5543, Time: 00:09:05

Health: 0/63       AC:  9    Str: 16    XL:     8   Next: 27%
Magic:  8/8        EV:  7    Int: 17    God:
Gold:   330        SH:  0    Dex: 14    Spells: 7/7 levels left

rFire   + . .      SeeInvis .   a - +0 long sword
rCold   . . .      Faith    .   c - +0 buckler
rNeg    . . .      Spirit   .   t - +0 chain mail
rPois   .          Reflect  .   (helmet restricted)
rElec   .          Harm     .   (no cloak)
rCorr   .          Rampage  .   (no gloves)
Will    .....                   (no boots)
Stlth   ..........              (no amulet)
HPRegen 0.20/turn               j - ring of protection from fire
MPRegen 0.11/turn               x - +6 ring of intelligence

@: confused
A: horns 1, rugged brown scales 1, spiny 2, condensation shield
a: no special abilities


You were on level 7 of the Dungeon.
You visited 1 branch of the dungeon, and saw 6 of its levels.

You collected 330 gold pieces.

Inventory:

Hand Weapons
 a - a +0 long sword (weapon)
Missiles
 d - a boomerang
 e - 40 stones (quivered)
 o - 2 throwing nets
Armour
 b - a +0 scale mail
 c - a +0 buckler (worn)
 t - a +0 chain mail (worn)
Jewellery
 i - a ring of ice
 j - a ring of protection from fire (left hand)
 v - an amulet of faith
 x - a +6 ring of intelligence (right hand)
Wands
 r - a wand of polymorph (2)
Scrolls
 f - a scroll of enchant weapon
 g - 2 scrolls of immolation {unknown}
 l - 2 scrolls of blinking {unknown}
 p - 3 scrolls of teleportation
 q - 2 scrolls of brand weapon
 u - a scroll of enchant armour
Potions
 h - 2 potions of brilliance
 k - 2 potions of lignification
 m - 2 potions of cancellation
 n - 7 potions of curing
 s - 4 potions of degeneration
 w - a potion of resistance
 z - a potion of invisibility {unknown}


   Skills:
 + Level 5.3 Fighting
 * Level 6.0 Long Blades
 - Level 4.0 Throwing
 - Level 2.6 Armour
 + Level 3.8 Dodging
 - Level 2.6 Shields


You had 7 spell levels left.
You didn't know any spells.
Your spell library contained the following spells:

 Spells                   Type           Power      Damage    Failure   Level
 Slow                     Hex            0%         N/A       99%         1
 Confusing Touch          Hex            0%         N/A       100%        3
 Vampiric Draining        Necr           0%         2d6       100%        3


Dungeon Overview and Level Annotations

Branches:
Dungeon (5/15)
 Temple: D:4-7

Altars:
Ashenzari
Gozag
Kikubaaqudgha
Makhleb
Trog
Uskayaw
Vehumet
Xom


Innate Abilities, Weirdness & Mutations

You have a pair of small horns on your head.
You are partially covered in rugged brown scales. (AC +1, +3% HP)
You are mostly covered in sharp spines.
A meltable shield of frost defends you. (SH +0)


Message History

The orc wizard is moderately wounded.
The orc wizard closely misses you. You block the gnoll's attack.
The orc wizard gestures at you while chanting.
The puff of flame hits you but does no damage.
Your condensation shield dissipates!
A slime creature comes into view.
The orc wizard gestures at you while chanting.
You are confused.
The slime creature hits you!
An ice beast comes into view.
You're too confused to move!
The orc wizard points at you and mumbles some strange words.
You are more confused.
The slime creature hits you!!
The gnoll hits you from afar with a +3 spear.
The orc wizard is struck by your spines.
The orc wizard barely misses you. The slime creature hits you.
The gnoll hits you from afar with a +3 spear.
You bump into the rock wall.
The orc wizard closely misses you.
The slime creature hits you but does no damage.
The gnoll hits you from afar with a +3 spear.
The slime creature attacks as you move away!
The slime creature is struck by your spines.
The slime creature hits you!
* * * LOW HITPOINT WARNING * * *
You hit the orc wizard.
The orc wizard is heavily wounded.
The orc wizard is struck by your spines.
The orc wizard hits you but does no damage.
The slime creature hits you.
* * * LOW HITPOINT WARNING * * *
The gnoll hits you from afar with a +3 spear.
* * * LOW HITPOINT WARNING * * *
You closely miss the slime creature.
Your headbutt misses the slime creature.
The slime creature is lightly wounded.
The orc wizard hits you but does no damage.
The slime creature is struck by your spines.
The slime creature hits you.
You die...

....#....##.......##+####
....#...###.............#
..#.#...###.............#
..#.#..............>....#
..#.#.....###+####.####...
..#.#.....#.....##.#
..#+###...#..<.....####^####
.... #.....#ogY.......#
#.... #.....@J##.:##.#.#
#..... #......#..### #.....
#....##.### ...... ## ##.##
#


You could see a slime creature, an ice beast, an orc wizard and a gnoll.

Vanquished Creatures
  Menkaure (D:7)
  An orc warrior (D:7)
  A black bear (D:5)
  2 phantoms
  A bullfrog (D:7)
  3 jellies (D:7)
  2 hounds
  2 orc priests
  2 gnoll boudas
  2 orc wizards
  Natasha (thrice) (D:2)
  Robin (D:2)
  5 adders
  15 gnolls
  A shadow imp (D:7)
  2 dart slugs
  16 orcs
  6 bats
  7 endoplasms
  4 giant cockroaches
  16 hobgoblins
  6 jackals (D:2)
  8 kobolds
  2 quokkas
  9 ball pythons
  4 frilled lizards
  22 goblins
  7 rats
151 creatures vanquished.

Vanquished Creatures (others)
  3 fungi (D:1)
  4 plants (D:1)
7 creatures vanquished.

Grand Total: 158 creatures vanquished

Notes
Turn   | Place    | Note
-------+----------+-------------------------------------------
     0 | D:1      | LustLizard the Demonspawn Fighter began the quest for the
                  | Orb.
     0 | D:1      | Reached XP level 1. HP: 18/18 MP: 1/1
   125 | D:1      | Reached skill level 2 in Long Blades
   417 | D:1      | Gained mutation: You are partially covered in sharp spines.
                  | [demonic ancestry]
   417 | D:1      | Reached XP level 2. HP: 24/24 MP: 2/2
   636 | D:1      | Found a faded altar of an unknown god.
   663 | D:1      | Reached skill level 1 in Throwing
  1152 | D:1      | Gained mutation: You have a pair of small horns on your
                  | head. [demonic ancestry]
  1152 | D:1      | Reached XP level 3. HP: 26/29 MP: 3/3
  1313 | D:2      | Noticed Natasha
  1368 | D:2      | Reached skill level 1 in Dodging
  1503 | D:2      | Gained mutation: A meltable shield of frost defends you.
                  | (SH +0) [demonic ancestry]
  1503 | D:2      | Reached XP level 4. HP: 35/35 MP: 4/4
  1519 | D:2      | Killed Natasha
  1520 | D:2      | Reached skill level 3 in Long Blades
  1526 | D:2      | Noticed Robin
  1529 | D:2      | Noticed Natasha
  1593 | D:2      | Killed Robin
  1594 | D:2      | Reached XP level 5. HP: 32/41 MP: 5/5
  2012 | D:2      | Killed Natasha
  2089 | D:2      | Noticed Natasha
  2103 | D:2      | Killed Natasha
  2494 | D:3      | Found an ancient bone altar of Kikubaaqudgha.
  2823 | D:4      | Found a bloodstained altar of Trog.
  2823 | D:4      | Found a shimmering altar of Xom.
  2851 | D:4      | Noticed a phantom
  2858 | D:4      | Reached XP level 6. HP: 45/48 MP: 6/6
  3119 | D:4      | Reached skill level 4 in Long Blades
  3513 | D:4      | Found an opulent altar of Gozag.
  3540 | D:4      | Noticed a +0 spear
  3540 | D:4      | Noticed a +0 spear
  3541 | D:4      | Noticed a +0 short sword
  3541 | D:4      | Noticed a +0 falchion
  3541 | D:4      | Noticed a +0 dagger
  3541 | D:4      | Noticed a +0 dagger
  3543 | D:4      | Noticed a +0 falchion
  3543 | D:4      | Noticed a +0 short sword
  3551 | D:4      | Found a hide-covered altar of Uskayaw.
  3763 | D:5      | Entered Level 5 of the Dungeon
  3782 | D:5      | Gained mutation: You are mostly covered in sharp spines.
                  | [demonic ancestry]
  3782 | D:5      | Reached XP level 7. HP: 51/54 MP: 7/7
  4134 | D:5      | Found a broken altar of Ashenzari.
  4362 | D:5      | Found a radiant altar of Vehumet.
  4415 | D:5      | You fall into a shaft and drop 2 floors!
  4424 | D:7      | Noticed Menkaure
  4431 | D:7      | Killed Menkaure
  4432 | D:7      | Reached skill level 5 in Long Blades
  4719 | D:7      | Gained mutation: You are partially covered in rugged brown
                  | scales. (AC +1, +3% HP) [demonic ancestry]
  4719 | D:7      | Reached XP level 8. HP: 52/62 MP: 8/8
  4729 | D:7      | Reached skill level 5 in Fighting
  5240 | D:7      | Reached skill level 6 in Long Blades
  5498 | D:7      | Found a burning altar of Makhleb.
  5534 | D:7      | Noticed a slime creature
  5543 | D:7      | Slain by a slime creature

Illustrated notes

Levels and vault maps discovered:
D:1:      heliophobic_arrival_glass_houses, layout_basic,
          shapermc_ecumenical_altar_mp_urbaneastern
D:2:      layout_rooms, basic_altar, chequers_serial_rivers_micro_e,
          minmay_tromino_i4, uniq_natasha, uniq_robin
D:3:      layout_basic, mainiacjoe_overflow_alcove_1,
          hangedman_abyss_or_decor_lesser_grid, palyth_stone_intersect
D:4:      kennysheep_the_goblin_king, layout_cave_pools,
          nicolae_gozag_cash_rules_everything_around_me,
          nicolae_uskayaw_en_pointe, gammafunk_temple_overflow_elements,
          lemuel_flame_loot_1
D:5:      layout_gridville, evilmike_ruin_ashenzari, fedhas_altar_1,
          nicolae_vehumet_radiance
D:7:      layout_basic, overflow_temple_1_default, minmay_misc_feat_doors,
          chequers_serial_rivers_micro_c, minmay_manual_mess, uniq_menkaure

Skill      XL: |  1  2  3  4  5  6  7  8 |
---------------+-------------------------+-----
Long Blades    | 2 3 4 5 6 |  6.0
Throwing       | 1 2 3 4 |  4.0
Dodging        | 1 2 3 |  3.8
Fighting       | 4 5 |  5.3
Armour         | |  2.6
Shields        | |  2.6

Action                   |  1- 3 |  4- 6 |  7- 9 || total
-------------------------+-------+-------+-------++-------
Melee: Long sword        |    89 |   159 |   105 ||   353
       Headbutt          |     3 |    26 |    20 ||    49
       Unarmed           |       |    17 |       ||    17
  Use: Scroll            |       |     4 |     6 ||    10
       Potion            |       |     1 |     1 ||     2
Armor: Scale mail        |    50 |    38 |       ||    88
       Chain mail        |       |    36 |    40 ||    76
       Skin              |       |     1 |       ||     1
Dodge: Dodged            |    47 |    60 |    32 ||   139
Block: Buckler           |    35 |    93 |    59 ||   187
       Other             |       |     1 |       ||     1
